Devils vs Rangers

Created - February 6, 2024 at 16:20

Goals
1 2 3 T
Devils 3 1 0 4
Rangers 1 2 0 3
Shots
1 2 3 T
Devils 16 9 7 32
Rangers 14 7 10 31

GoalsPenalties
1st period
1. Devils , Nino Niederreiter 7 (Evgeni Malkin 30, Matt Boldy 18) at 4:34
2. Devils , Evgeni Malkin 17 (Mikhail Sergachev 29, Dougie Hamilton 24) at 8:38
3. Devils , Mathieu Joseph 11 (Damon Severson 27) at 14:01
4. Rangers , Patrik Laine 14 (Yegor Chinakhov 9, Martin Fehervary 16) at 16:12
Jesse Puljujarvi (NYR) for Hooking (Minor) at 1:20
Caleb Jones (NYR) for Diving (Minor) at 5:59
2nd period
5. Rangers , Luke Kunin 11 (Caleb Jones 13, Riley Stillman 12) at 6:40
6. Devils , Evgeni Malkin 18 (Matt Boldy 19, Justin Schultz 17) at 9:44
7. Rangers , Nick Bonino 14 (Luke Schenn 10, Patrik Laine 22) at 19:17
Martin Fehervary (NYR) for Hooking (Minor) at 12:51
Nick Bonino (NYR) for Tripping (Minor) at 19:30
3rd period
No Goal
Dominik Kubalik (NJD) for Hooking (Minor) at 13:03
Sam Reinhart (NJD) for Interference (Minor) at 15:53
Goalie Stats
Filip Gustavsson (NJD), 28 saves from 31 shots - (0.903), W, 13-8-0, 60:00 minutes
Alex Nedeljkovic (NYR), 14 saves from 14 shots - (1.000), 29:27 minutes
Logan Thompson (NYR), 14 saves from 18 shots - (0.778), L, 8-13-3, 29:44 minutes
3 StarsOfficial
1 - Evgeni Malkin (NJD)
2 - Nino Niederreiter (NJD)
3 - Matt Boldy (NJD)
Referees : Kenny Anderson and Michael Markovic
Linesman : David Brisebois and Ken Bonham
Game Note
Alex Nedeljkovic enters game at 9:44 of 2nd period
Dylan Cozens is injured at 4:53 of 3rd period (Left Knee)
Finance
Level 1 -- Attendance: 5738 (88.28%) -- Ticket Income $659,870
Level 2 -- Attendance: 3950 (79.00%) -- Ticket Income $375,250
Level 3 -- Attendance: 3398 (97.09%) -- Ticket Income $237,860
Level 4 -- Attendance: 2006 (100.00%) -- Ticket Income $100,300
Luxury Box -- Attendance: 879 (87.90%) -- Ticket Income $175,800
Game was played at the Madison Square Garden.
Total Attendance: 15971 (88.70%)
Total Ticket Income: $1,549,080
Other Income: $387,270
Total Income: $1,936,350



Team Name Goals Shots Shots Attemp Shots Blocked PIM HIT PP PK FO%
Devils 43259114170 / 4 (0%)042%
Rangers 3316078190 / 2 (0%)058%

Devils
Player Name POS G A P +/- PIM HIT SHT SB MP PP MP PP SHT PK MP PK SHT FO% FOT
Chris KreiderLW000-1023020:204:0310:310100% 3
Damon SeversonD0111001320:323:0212:1000% 0
Dominik KubalikLW000020005:050:0000:370100% 1
Dougie HamiltonD0110002324:154:5411:4800% 0
Dylan CozensC000-1001011:210:0000:00036% 14
Erik GustafssonD0001000120:323:0202:1000% 0
Evgeni MalkinC2133005021:473:5301:24052% 29
Justin SchultzD0110000217:010:0001:4800% 0
Kyle OkposoRW000000007:190:0002:5000% 1
Mathieu JosephRW101-1032015:080:0000:0000% 1
Matt BoldyLW0223012016:363:5300:0000% 2
Mike HoffmanLW000-1002015:080:0000:0000% 3
Mikhail SergachevD0110041122:274:5410:0000% 0
Nicklas BackstromC000000107:030:0002:34147% 15
Nino NiederreiterRW1013023016:363:5300:0000% 1
Sam ReinhartC000-1205119:484:0320:00032% 25
Travis KonecnyRW000-1023019:494:0320:000100% 2
Urho VaakanainenD0000031015:130:0000:0000% 0
Rangers
Player Name POS G A P +/- PIM HIT SHT SB MP PP MP PP SHT PK MP PK SHT FO% FOT
Adam ErneLW000-1021111:560:0001:320100% 1
Anthony BeauvillierLW000-1003012:571:2410:000100% 3
Caleb JonesD0111220019:181:2403:1700% 0
Casey MittelstadtC000-1003014:232:3400:00056% 18
Eric RobinsonLW0000003017:350:0005:0300% 0
Jack QuinnRW0000000012:320:0000:0000% 0
Jesse PuljujarviRW000-1223015:432:3411:210100% 1
Justin DanforthRW000-1001010:240:0000:000100% 2
Juuso ParssinenC0000011014:281:2400:32043% 28
Luke KuninC101-1032014:320:0004:08150% 16
Luke SchennD011-1042120:241:2413:3800% 0
Mario FerraroD000-1002224:402:3404:0000% 0
Martin FehervaryD011-1220123:422:3403:0300% 0
Nick BoninoC1011212016:360:0003:16069% 26
Nick PerbixD000-1000117:160:0001:5400% 0
Patrik LaineLW1121016016:112:3400:00050% 2
Riley StillmanD0111000114:380:0000:0000% 0
Yegor ChinakhovRW0111012014:451:2410:0000% 0



Play-by-Play

1st period


0:01 of 1st period - Travis Konecny wins face-off versus Nick Bonino in neutral zone.
0:01 of 1st period - Travis Konecny is hit by Martin Fehervary.
0:18 of 1st period - Shot by Chris Kreider.
0:18 of 1st period - Shot Blocked by Mario Ferraro.
0:55 of 1st period - Off-side.
0:56 of 1st period - Anthony Beauvillier wins face-off versus Dylan Cozens in neutral zone.
1:13 of 1st period - Shot by Anthony Beauvillier.
1:13 of 1st period - Shot Misses the Net.
1:15 of 1st period - Shot by Anthony Beauvillier.
1:15 of 1st period - Shot Misses the Net.
1:17 of 1st period - Shot by Casey Mittelstadt.
1:17 of 1st period - Shot Blocked by Justin Schultz.
1:20 of 1st period - Minor Penalty to Jesse Puljujarvi for Hooking.
1:21 of 1st period - Nick Bonino wins face-off versus Evgeni Malkin in Rangers zone.
1:38 of 1st period - Shot by Nino Niederreiter.
1:38 of 1st period - Shot Blocked by Martin Fehervary.
2:22 of 1st period - Caleb Jones is hit by Chris Kreider and loses puck.
2:35 of 1st period - Shot by Travis Konecny.
2:35 of 1st period - Stopped by Logan Thompson with a rebound.
2:37 of 1st period - Shot by Mikhail Sergachev.
2:37 of 1st period - Shot Misses the Net.
2:39 of 1st period - Shot by Chris Kreider.
2:39 of 1st period - Shot Misses the Net.
2:43 of 1st period - Shot by Travis Konecny.
2:43 of 1st period - Deflect By Sam Reinhart.
2:43 of 1st period - Stopped by Logan Thompson without a rebound.
2:44 of 1st period - Chris Kreider wins face-off versus Luke Kunin in Rangers zone.
3:24 of 1st period - Icing by Caleb Jones.
3:25 of 1st period - Evgeni Malkin wins face-off versus Casey Mittelstadt in Rangers zone.
3:33 of 1st period - Icing by Caleb Jones.
3:34 of 1st period - Evgeni Malkin wins face-off versus Casey Mittelstadt in Rangers zone.
3:49 of 1st period - Shot by Evgeni Malkin.
3:49 of 1st period - Deflect By Matt Boldy.
3:49 of 1st period - Stopped by Logan Thompson without a rebound.
3:50 of 1st period - Juuso Parssinen wins face-off versus Mike Hoffman in Rangers zone.
3:52 of 1st period - Icing by Martin Fehervary.
3:53 of 1st period - Dylan Cozens wins face-off versus Juuso Parssinen in Rangers zone.
4:06 of 1st period - Shot by Dylan Cozens.
4:06 of 1st period - Stopped by Logan Thompson without a rebound.
4:07 of 1st period - Evgeni Malkin wins face-off versus Luke Kunin in Rangers zone.
4:07 of 1st period - Evgeni Malkin is hit by Luke Schenn.
4:23 of 1st period - Nick Perbix is hit by Nino Niederreiter and loses puck.
4:34 of 1st period - Shot by Evgeni Malkin.
4:34 of 1st period - Deflect By Nino Niederreiter.
4:34 of 1st period - Goal by Nino Niederreiter - Devils : 1 - Rangers : 0.
4:35 of 1st period - Juuso Parssinen wins face-off versus Dylan Cozens in neutral zone.
4:55 of 1st period - Icing by Mike Hoffman.
4:56 of 1st period - Nick Bonino wins face-off versus Mike Hoffman in Devils zone.
5:11 of 1st period - Damon Severson is hit by Yegor Chinakhov and loses puck.
5:40 of 1st period - Shot by Sam Reinhart.
5:40 of 1st period - Shot Blocked by Riley Stillman.
5:52 of 1st period - Shot by Chris Kreider.
5:52 of 1st period - Stopped by Logan Thompson with a rebound.
5:59 of 1st period - Minor Penalty to Caleb Jones for Diving.
6:00 of 1st period - Luke Kunin wins face-off versus Evgeni Malkin in Rangers zone.
6:13 of 1st period - Shot by Dougie Hamilton.
6:13 of 1st period - Stopped by Logan Thompson with a rebound.
6:15 of 1st period - Shot by Dougie Hamilton.
6:15 of 1st period - Shot Blocked by Mario Ferraro.
6:17 of 1st period - Shot by Dougie Hamilton.
6:17 of 1st period - Shot Misses the Net.
6:19 of 1st period - Shot by Mikhail Sergachev.
6:19 of 1st period - Stopped by Logan Thompson without a rebound.
6:20 of 1st period - Chris Kreider wins face-off versus Nick Bonino in Rangers zone.
6:37 of 1st period - Shot by Sam Reinhart.
6:37 of 1st period - Stopped by Logan Thompson without a rebound.
6:38 of 1st period - Jesse Puljujarvi wins face-off versus Evgeni Malkin in Rangers zone.
6:48 of 1st period - Icing by Nino Niederreiter.
6:49 of 1st period - Luke Kunin wins face-off versus Evgeni Malkin in Devils zone.
7:12 of 1st period - Shot by Dougie Hamilton.
7:12 of 1st period - Shot Hit the Post.
8:09 of 1st period - Icing by Caleb Jones.
8:10 of 1st period - Nicklas Backstrom wins face-off versus Juuso Parssinen in Rangers zone.
8:10 of 1st period - Dominik Kubalik is hit by Caleb Jones and loses puck.
8:19 of 1st period - Shot by Juuso Parssinen.
8:19 of 1st period - Stopped by Filip Gustavsson without a rebound.
8:20 of 1st period - Nick Bonino wins face-off versus Sam Reinhart in Devils zone.
8:27 of 1st period - Shot by Yegor Chinakhov.
8:27 of 1st period - Stopped by Filip Gustavsson without a rebound.
8:28 of 1st period - Evgeni Malkin wins face-off versus Luke Kunin in Devils zone.
8:28 of 1st period - Evgeni Malkin is hit by Adam Erne.
8:38 of 1st period - Shot by Evgeni Malkin.
8:38 of 1st period - Goal by Evgeni Malkin - Devils : 2 - Rangers : 0.
8:39 of 1st period - Chris Kreider wins face-off versus Casey Mittelstadt in neutral zone.
9:23 of 1st period - Travis Konecny is hit by Luke Schenn and loses puck.
10:08 of 1st period - Icing by Matt Boldy.
10:09 of 1st period - Luke Kunin wins face-off versus Evgeni Malkin in Devils zone.
10:19 of 1st period - Shot by Caleb Jones.
10:19 of 1st period - Shot Misses the Net.
10:22 of 1st period - Justin Danforth is hit by Mikhail Sergachev and loses puck.
10:29 of 1st period - Shot by Luke Kunin.
10:29 of 1st period - Shot Misses the Net.
10:31 of 1st period - Shot by Justin Danforth.
10:31 of 1st period - Shot Blocked by Dougie Hamilton.
10:33 of 1st period - Shot by Adam Erne.
10:33 of 1st period - Stopped by Filip Gustavsson with a rebound.
10:35 of 1st period - Shot by Adam Erne.
10:35 of 1st period - Shot Misses the Net.
11:12 of 1st period - Icing by Damon Severson.
11:13 of 1st period - Dylan Cozens wins face-off versus Nick Bonino in Devils zone.
12:22 of 1st period - Shot by Sam Reinhart.
12:22 of 1st period - Shot Blocked by Luke Schenn.
12:24 of 1st period - Shot by Urho Vaakanainen.
12:24 of 1st period - Stopped by Logan Thompson without a rebound.
12:25 of 1st period - Casey Mittelstadt wins face-off versus Evgeni Malkin in Rangers zone.
12:36 of 1st period - Shot by Casey Mittelstadt.
12:36 of 1st period - Stopped by Filip Gustavsson without a rebound.
12:37 of 1st period - Nicklas Backstrom wins face-off versus Juuso Parssinen in Devils zone.
12:43 of 1st period - Off-side.
12:44 of 1st period - Anthony Beauvillier wins face-off versus Evgeni Malkin in neutral zone.
13:21 of 1st period - Shot by Evgeni Malkin.
13:21 of 1st period - Shot Misses the Net.
13:52 of 1st period - Anthony Beauvillier is hit by Mathieu Joseph and loses puck.
13:59 of 1st period - Shot by Mathieu Joseph.
13:59 of 1st period - Shot Misses the Net.
14:01 of 1st period - Shot by Mathieu Joseph.
14:01 of 1st period - Goal by Mathieu Joseph - Devils : 3 - Rangers : 0.
14:02 of 1st period - Juuso Parssinen wins face-off versus Sam Reinhart in neutral zone.
14:19 of 1st period - Shot by Sam Reinhart.
14:19 of 1st period - Stopped by Logan Thompson without a rebound.
14:20 of 1st period - Nick Bonino wins face-off versus Dylan Cozens in Rangers zone.
14:33 of 1st period - Shot by Mathieu Joseph.
14:33 of 1st period - Shot Misses the Net.
14:36 of 1st period - Icing by Caleb Jones.
14:37 of 1st period - Nick Bonino wins face-off versus Sam Reinhart in Rangers zone.
14:37 of 1st period - Nick Bonino is hit by Chris Kreider.
14:45 of 1st period - Shot by Patrik Laine.
14:45 of 1st period - Stopped by Filip Gustavsson without a rebound.
14:46 of 1st period - Evgeni Malkin wins face-off versus Juuso Parssinen in Devils zone.
14:59 of 1st period - Shot by Evgeni Malkin.
14:59 of 1st period - Stopped by Logan Thompson without a rebound.
15:00 of 1st period - Adam Erne wins face-off versus Sam Reinhart in Rangers zone.
15:12 of 1st period - Adam Erne is hit by Mikhail Sergachev and loses puck.
15:15 of 1st period - Shot by Mario Ferraro.
15:15 of 1st period - Stopped by Filip Gustavsson without a rebound.
15:16 of 1st period - Juuso Parssinen wins face-off versus Evgeni Malkin in Devils zone.
15:34 of 1st period - Icing by Justin Schultz.
15:35 of 1st period - Evgeni Malkin wins face-off versus Nick Bonino in Devils zone.
15:44 of 1st period - Shot by Patrik Laine.
15:44 of 1st period - Stopped by Filip Gustavsson without a rebound.
15:45 of 1st period - Luke Kunin wins face-off versus Dylan Cozens in Devils zone.
15:54 of 1st period - Shot by Mario Ferraro.
15:54 of 1st period - Stopped by Filip Gustavsson without a rebound.
15:55 of 1st period - Nick Bonino wins face-off versus Sam Reinhart in Devils zone.
15:58 of 1st period - Shot by Nick Bonino.
15:58 of 1st period - Shot Misses the Net.
16:08 of 1st period - Shot by Patrik Laine.
16:08 of 1st period - Shot Blocked by Dougie Hamilton.
16:10 of 1st period - Shot by Martin Fehervary.
16:10 of 1st period - Deflect By Patrik Laine.
16:10 of 1st period - Stopped by Filip Gustavsson with a rebound.
16:12 of 1st period - Shot by Yegor Chinakhov.
16:12 of 1st period - Deflect By Patrik Laine.
16:12 of 1st period - Goal by Patrik Laine - Devils : 3 - Rangers : 1.
16:13 of 1st period - Luke Kunin wins face-off versus Dylan Cozens in neutral zone.
16:21 of 1st period - Icing by Mathieu Joseph.
16:22 of 1st period - Dylan Cozens wins face-off versus Juuso Parssinen in Devils zone.
16:45 of 1st period - Shot by Mike Hoffman.
16:45 of 1st period - Stopped by Logan Thompson without a rebound.
16:46 of 1st period - Nick Bonino wins face-off versus Sam Reinhart in Rangers zone.
17:05 of 1st period - Shot by Nick Bonino.
17:05 of 1st period - Stopped by Filip Gustavsson without a rebound.
17:06 of 1st period - Luke Kunin wins face-off versus Evgeni Malkin in Devils zone.
17:07 of 1st period - Shot by Justin Danforth.
17:07 of 1st period - Stopped by Filip Gustavsson without a rebound.
17:08 of 1st period - Evgeni Malkin wins face-off versus Luke Kunin in Devils zone.
17:08 of 1st period - Evgeni Malkin is hit by Luke Kunin.
17:31 of 1st period - Mario Ferraro is hit by Nino Niederreiter and loses puck.
18:24 of 1st period - Icing by Nick Bonino.
18:25 of 1st period - Nick Bonino wins face-off versus Sam Reinhart in Rangers zone.
18:38 of 1st period - Shot by Patrik Laine.
18:38 of 1st period - Shot Blocked by Justin Schultz.
18:40 of 1st period - Shot by Nick Bonino.
18:40 of 1st period - Shot Misses the Net.
18:42 of 1st period - Shot by Patrik Laine.
18:42 of 1st period - Stopped by Filip Gustavsson without a rebound.
18:43 of 1st period - Dylan Cozens wins face-off versus Juuso Parssinen in Devils zone.
18:59 of 1st period - Icing by Eric Robinson.
19:00 of 1st period - Juuso Parssinen wins face-off versus Sam Reinhart in Rangers zone.
19:13 of 1st period - Shot by Travis Konecny.
19:13 of 1st period - Deflect By Sam Reinhart.
19:13 of 1st period - Stopped by Logan Thompson without a rebound.
19:14 of 1st period - Casey Mittelstadt wins face-off versus Mike Hoffman in Rangers zone.
19:31 of 1st period - Shot by Casey Mittelstadt.
19:31 of 1st period - Deflect By Anthony Beauvillier.
19:31 of 1st period - Stopped by Filip Gustavsson without a rebound.
19:32 of 1st period - Juuso Parssinen wins face-off versus Sam Reinhart in Devils zone.
19:33 of 1st period - Shot by Jack Quinn.
19:33 of 1st period - Shot Misses the Net.
Goals for this period are 3 for Devils vs 1 for Rangers.
Shots for this period are 16 for Devils vs 14 for Rangers.

2nd period


0:01 of 2nd period - Casey Mittelstadt wins face-off versus Evgeni Malkin in neutral zone.
0:11 of 2nd period - Icing by Nino Niederreiter.
0:12 of 2nd period - Nick Bonino wins face-off versus Evgeni Malkin in Devils zone.
0:12 of 2nd period - Nick Bonino is hit by Mikhail Sergachev.
1:24 of 2nd period - Shot by Jesse Puljujarvi.
1:24 of 2nd period - Shot Misses the Net.
2:54 of 2nd period - Eric Robinson is hit by Mathieu Joseph and loses puck.
4:10 of 2nd period - Shot by Patrik Laine.
4:10 of 2nd period - Shot Misses the Net.
4:15 of 2nd period - Icing by Urho Vaakanainen.
4:16 of 2nd period - Casey Mittelstadt wins face-off versus Nicklas Backstrom in Devils zone.
4:17 of 2nd period - Shot by Anthony Beauvillier.
4:17 of 2nd period - Stopped by Filip Gustavsson without a rebound.
4:18 of 2nd period - Casey Mittelstadt wins face-off versus Nicklas Backstrom in Devils zone.
4:48 of 2nd period - Shot by Jesse Puljujarvi.
4:48 of 2nd period - Shot Misses the Net.
5:11 of 2nd period - Icing by Erik Gustafsson.
5:12 of 2nd period - Juuso Parssinen wins face-off versus Nicklas Backstrom in Devils zone.
5:45 of 2nd period - Shot by Jack Quinn.
5:45 of 2nd period - Shot Misses the Net.
6:05 of 2nd period - Mathieu Joseph is hit by Luke Kunin and loses puck.
6:14 of 2nd period - Justin Schultz is hit by Adam Erne.
6:29 of 2nd period - Luke Kunin is hit by Urho Vaakanainen.
6:32 of 2nd period - Adam Erne is hit by Urho Vaakanainen.
6:38 of 2nd period - Shot by Luke Kunin.
6:38 of 2nd period - Shot Misses the Net.
6:40 of 2nd period - Shot by Luke Kunin.
6:40 of 2nd period - Goal by Luke Kunin - Devils : 3 - Rangers : 2.
6:41 of 2nd period - Nick Bonino wins face-off versus Sam Reinhart in neutral zone.
7:45 of 2nd period - Shot by Jesse Puljujarvi.
7:45 of 2nd period - Stopped by Filip Gustavsson without a rebound.
7:46 of 2nd period - Evgeni Malkin wins face-off versus Juuso Parssinen in Devils zone.
8:16 of 2nd period - Shot by Nino Niederreiter.
8:16 of 2nd period - Stopped by Logan Thompson with a rebound.
8:19 of 2nd period - Icing by Riley Stillman.
8:20 of 2nd period - Dylan Cozens wins face-off versus Juuso Parssinen in Rangers zone.
9:07 of 2nd period - Shot by Jesse Puljujarvi.
9:07 of 2nd period - Stopped by Filip Gustavsson without a rebound.
9:08 of 2nd period - Nick Bonino wins face-off versus Sam Reinhart in Devils zone.
9:34 of 2nd period - Icing by Nick Bonino.
9:35 of 2nd period - Nick Bonino wins face-off versus Matt Boldy in Rangers zone.
9:41 of 2nd period - Matt Boldy is hit by Luke Schenn and loses puck.
9:44 of 2nd period - Shot by Evgeni Malkin.
9:44 of 2nd period - Goal by Evgeni Malkin - Devils : 4 - Rangers : 2.
9:44 of 2nd period - Alex Nedeljkovic enters game.
9:45 of 2nd period - Justin Danforth wins face-off versus Matt Boldy in neutral zone.
10:23 of 2nd period - Shot by Matt Boldy.
10:23 of 2nd period - Stopped by Alex Nedeljkovic without a rebound.
10:24 of 2nd period - Sam Reinhart wins face-off versus Casey Mittelstadt in Rangers zone.
11:22 of 2nd period - Icing by Riley Stillman.
11:23 of 2nd period - Patrik Laine wins face-off versus Dylan Cozens in Rangers zone.
11:31 of 2nd period - Icing by Erik Gustafsson.
11:32 of 2nd period - Luke Kunin wins face-off versus Mathieu Joseph in Devils zone.
12:22 of 2nd period - Icing by Mario Ferraro.
12:23 of 2nd period - Sam Reinhart wins face-off versus Luke Kunin in Rangers zone.
12:51 of 2nd period - Minor Penalty to Martin Fehervary for Hooking.
12:52 of 2nd period - Evgeni Malkin wins face-off versus Nick Bonino in Rangers zone.
12:55 of 2nd period - Shot by Nino Niederreiter.
12:55 of 2nd period - Deflect By Matt Boldy.
12:55 of 2nd period - Shot Misses the Net.
13:07 of 2nd period - Nick Bonino is hit by Matt Boldy and loses puck.
13:13 of 2nd period - Nino Niederreiter is hit by Luke Schenn and loses puck.
13:18 of 2nd period - Shot by Damon Severson.
13:18 of 2nd period - Shot Misses the Net.
13:20 of 2nd period - Shot by Nino Niederreiter.
13:20 of 2nd period - Shot Misses the Net.
13:22 of 2nd period - Shot by Damon Severson.
13:22 of 2nd period - Shot Misses the Net.
13:24 of 2nd period - Shot by Damon Severson.
13:24 of 2nd period - Stopped by Alex Nedeljkovic without a rebound.
13:25 of 2nd period - Sam Reinhart wins face-off versus Nick Bonino in Rangers zone.
13:26 of 2nd period - Shot by Chris Kreider.
13:26 of 2nd period - Stopped by Alex Nedeljkovic without a rebound.
13:27 of 2nd period - Nick Bonino wins face-off versus Sam Reinhart in Rangers zone.
15:22 of 2nd period - Shot by Casey Mittelstadt.
15:22 of 2nd period - Shot Misses the Net.
16:01 of 2nd period - Shot by Matt Boldy.
16:01 of 2nd period - Shot Blocked by Adam Erne.
16:42 of 2nd period - Shot by Nick Bonino.
16:42 of 2nd period - Shot Blocked by Damon Severson.
17:32 of 2nd period - Shot by Dougie Hamilton.
17:32 of 2nd period - Stopped by Alex Nedeljkovic without a rebound.
17:33 of 2nd period - Nicklas Backstrom wins face-off versus Juuso Parssinen in Rangers zone.
17:47 of 2nd period - Off-side.
17:48 of 2nd period - Casey Mittelstadt wins face-off versus Dylan Cozens in neutral zone.
17:51 of 2nd period - Justin Schultz is hit by Jesse Puljujarvi.
17:59 of 2nd period - Shot by Mike Hoffman.
17:59 of 2nd period - Stopped by Alex Nedeljkovic without a rebound.
18:00 of 2nd period - Travis Konecny wins face-off versus Juuso Parssinen in Rangers zone.
18:03 of 2nd period - Shot by Sam Reinhart.
18:03 of 2nd period - Shot Misses the Net.
18:05 of 2nd period - Shot by Sam Reinhart.
18:05 of 2nd period - Stopped by Alex Nedeljkovic without a rebound.
18:06 of 2nd period - Sam Reinhart wins face-off versus Juuso Parssinen in Rangers zone.
18:19 of 2nd period - Shot by Sam Reinhart.
18:19 of 2nd period - Shot Misses the Net.
18:47 of 2nd period - Shot by Chris Kreider.
18:47 of 2nd period - Stopped by Alex Nedeljkovic without a rebound.
18:48 of 2nd period - Evgeni Malkin wins face-off versus Casey Mittelstadt in Rangers zone.
19:11 of 2nd period - Shot by Casey Mittelstadt.
19:11 of 2nd period - Stopped by Filip Gustavsson without a rebound.
19:12 of 2nd period - Nick Bonino wins face-off versus Dylan Cozens in Devils zone.
19:17 of 2nd period - Shot by Nick Bonino.
19:17 of 2nd period - Goal by Nick Bonino - Devils : 4 - Rangers : 3.
19:18 of 2nd period - Nick Bonino wins face-off versus Dylan Cozens in neutral zone.
19:30 of 2nd period - Minor Penalty to Nick Bonino for Tripping.
19:31 of 2nd period - Luke Kunin wins face-off versus Sam Reinhart in Rangers zone.
19:31 of 2nd period - Luke Kunin is hit by Travis Konecny.
19:43 of 2nd period - Shot by Luke Kunin.
19:43 of 2nd period - Stopped by Filip Gustavsson without a rebound.
19:44 of 2nd period - Evgeni Malkin wins face-off versus Luke Kunin in Devils zone.
Goals for this period are 1 for Devils vs 2 for Rangers.
Shots for this period are 9 for Devils vs 7 for Rangers.

3rd period


0:01 of 3rd period - Sam Reinhart wins face-off versus Luke Kunin in neutral zone.
0:37 of 3rd period - Shot by Travis Konecny.
0:37 of 3rd period - Stopped by Alex Nedeljkovic with a rebound.
0:39 of 3rd period - Shot by Dougie Hamilton.
0:39 of 3rd period - Deflect By Travis Konecny.
0:39 of 3rd period - Shot Hit the Post.
0:41 of 3rd period - Shot by Sam Reinhart.
0:41 of 3rd period - Shot Misses the Net.
1:04 of 3rd period - Shot by Evgeni Malkin.
1:04 of 3rd period - Shot Misses the Net.
1:53 of 3rd period - Icing by Caleb Jones.
1:54 of 3rd period - Nick Bonino wins face-off versus Nicklas Backstrom in Rangers zone.
2:19 of 3rd period - Shot by Dominik Kubalik.
2:19 of 3rd period - Shot Misses the Net.
2:43 of 3rd period - Mikhail Sergachev is hit by Jesse Puljujarvi and loses puck.
2:47 of 3rd period - Icing by Mikhail Sergachev.
2:48 of 3rd period - Evgeni Malkin wins face-off versus Juuso Parssinen in Devils zone.
3:01 of 3rd period - Jack Quinn is hit by Mikhail Sergachev and loses puck.
3:59 of 3rd period - Shot by Travis Konecny.
3:59 of 3rd period - Shot Misses the Net.
4:37 of 3rd period - Shot by Casey Mittelstadt.
4:37 of 3rd period - Stopped by Filip Gustavsson with a rebound.
4:39 of 3rd period - Shot by Anthony Beauvillier.
4:39 of 3rd period - Shot Blocked by Damon Severson.
4:52 of 3rd period - Dylan Cozens is hit by Martin Fehervary and loses puck.
4:53 of 3rd period - Dylan Cozens from Devils is injured at 4:53 of 3rd period (Left Knee).
4:54 of 3rd period - Dominik Kubalik wins face-off versus Patrik Laine in Rangers zone.
5:28 of 3rd period - Kyle Okposo is hit by Patrik Laine and loses puck.
6:03 of 3rd period - Off-side.
6:04 of 3rd period - Sam Reinhart wins face-off versus Casey Mittelstadt in neutral zone.
6:47 of 3rd period - Shot by Travis Konecny.
6:47 of 3rd period - Stopped by Alex Nedeljkovic without a rebound.
6:48 of 3rd period - Juuso Parssinen wins face-off versus Nino Niederreiter in Rangers zone.
7:03 of 3rd period - Shot by Jack Quinn.
7:03 of 3rd period - Deflect By Eric Robinson.
7:03 of 3rd period - Stopped by Filip Gustavsson without a rebound.
7:04 of 3rd period - Evgeni Malkin wins face-off versus Luke Kunin in Devils zone.
8:13 of 3rd period - Icing by Luke Schenn.
8:14 of 3rd period - Justin Danforth wins face-off versus Nicklas Backstrom in Rangers zone.
8:26 of 3rd period - Off-side.
8:27 of 3rd period - Juuso Parssinen wins face-off versus Sam Reinhart in neutral zone.
8:39 of 3rd period - Shot by Eric Robinson.
8:39 of 3rd period - Stopped by Filip Gustavsson with a rebound.
8:41 of 3rd period - Shot by Eric Robinson.
8:41 of 3rd period - Shot Blocked by Sam Reinhart.
8:43 of 3rd period - Shot by Eric Robinson.
8:43 of 3rd period - Stopped by Filip Gustavsson without a rebound.
8:44 of 3rd period - Evgeni Malkin wins face-off versus Nick Bonino in Devils zone.
8:44 of 3rd period - Evgeni Malkin is hit by Nick Bonino.
8:52 of 3rd period - Shot by Mathieu Joseph.
8:52 of 3rd period - Stopped by Alex Nedeljkovic without a rebound.
8:53 of 3rd period - Evgeni Malkin wins face-off versus Casey Mittelstadt in Rangers zone.
9:15 of 3rd period - Shot by Anthony Beauvillier.
9:15 of 3rd period - Shot Blocked by Damon Severson.
10:12 of 3rd period - Shot by Yegor Chinakhov.
10:12 of 3rd period - Deflect By Patrik Laine.
10:12 of 3rd period - Stopped by Filip Gustavsson without a rebound.
10:13 of 3rd period - Nicklas Backstrom wins face-off versus Juuso Parssinen in Devils zone.
10:13 of 3rd period - Nicklas Backstrom is hit by Juuso Parssinen.
10:46 of 3rd period - Icing by Luke Schenn.
10:47 of 3rd period - Juuso Parssinen wins face-off versus Sam Reinhart in Rangers zone.
11:27 of 3rd period - Shot by Chris Kreider.
11:27 of 3rd period - Shot Blocked by Nick Perbix.
11:29 of 3rd period - Shot by Chris Kreider.
11:29 of 3rd period - Shot Misses the Net.
11:46 of 3rd period - Icing by Dougie Hamilton.
11:47 of 3rd period - Nick Bonino wins face-off versus Evgeni Malkin in Devils zone.
11:50 of 3rd period - Shot by Patrik Laine.
11:50 of 3rd period - Shot Misses the Net.
11:56 of 3rd period - Shot by Evgeni Malkin.
11:56 of 3rd period - Stopped by Alex Nedeljkovic without a rebound.
11:57 of 3rd period - Casey Mittelstadt wins face-off versus Evgeni Malkin in Rangers zone.
12:30 of 3rd period - Mario Ferraro is hit by Mathieu Joseph and loses puck.
12:43 of 3rd period - Off-side.
12:44 of 3rd period - Sam Reinhart wins face-off versus Nick Bonino in neutral zone.
13:02 of 3rd period - Icing by Riley Stillman.
13:03 of 3rd period - Nick Bonino wins face-off versus Nicklas Backstrom in Rangers zone.
13:03 of 3rd period - Minor Penalty to Dominik Kubalik for Hooking.
13:04 of 3rd period - Nicklas Backstrom wins face-off versus Juuso Parssinen in Devils zone.
13:21 of 3rd period - Shot by Nicklas Backstrom.
13:21 of 3rd period - Stopped by Alex Nedeljkovic without a rebound.
13:22 of 3rd period - Nicklas Backstrom wins face-off versus Casey Mittelstadt in Rangers zone.
13:49 of 3rd period - Shot by Jesse Puljujarvi.
13:49 of 3rd period - Shot Blocked by Erik Gustafsson.
13:59 of 3rd period - Shot by Mario Ferraro.
13:59 of 3rd period - Shot Misses the Net.
14:01 of 3rd period - Shot by Jesse Puljujarvi.
14:01 of 3rd period - Stopped by Filip Gustavsson without a rebound.
14:02 of 3rd period - Anthony Beauvillier wins face-off versus Evgeni Malkin in Devils zone.
14:12 of 3rd period - Icing by Yegor Chinakhov.
14:13 of 3rd period - Juuso Parssinen wins face-off versus Kyle Okposo in Rangers zone.
14:24 of 3rd period - Shot by Yegor Chinakhov.
14:24 of 3rd period - Stopped by Filip Gustavsson without a rebound.
14:25 of 3rd period - Casey Mittelstadt wins face-off versus Nicklas Backstrom in Devils zone.
15:06 of 3rd period - Justin Danforth is hit by Urho Vaakanainen.
15:27 of 3rd period - Evgeni Malkin is hit by Caleb Jones and loses puck.
15:32 of 3rd period - Shot by Evgeni Malkin.
15:32 of 3rd period - Stopped by Alex Nedeljkovic with a rebound.
15:46 of 3rd period - Shot by Nino Niederreiter.
15:46 of 3rd period - Stopped by Alex Nedeljkovic without a rebound.
15:47 of 3rd period - Juuso Parssinen wins face-off versus Sam Reinhart in Rangers zone.
15:47 of 3rd period - Eric Robinson is hit by Travis Konecny and loses puck.
15:53 of 3rd period - Minor Penalty to Sam Reinhart for Interference.
15:54 of 3rd period - Casey Mittelstadt wins face-off versus Nicklas Backstrom in Devils zone.
16:53 of 3rd period - Shot by Kyle Okposo.
16:53 of 3rd period - Shot Misses the Net.
17:27 of 3rd period - Shot by Yegor Chinakhov.
17:27 of 3rd period - Shot Misses the Net.
17:29 of 3rd period - Shot by Luke Schenn.
17:29 of 3rd period - Stopped by Filip Gustavsson with a rebound.
17:31 of 3rd period - Shot by Luke Schenn.
17:31 of 3rd period - Shot Blocked by Dougie Hamilton.
17:33 of 3rd period - Shot by Anthony Beauvillier.
17:33 of 3rd period - Stopped by Filip Gustavsson without a rebound.
17:34 of 3rd period - Nicklas Backstrom wins face-off versus Juuso Parssinen in Devils zone.
17:43 of 3rd period - Shot by Caleb Jones.
17:43 of 3rd period - Shot Misses the Net.
18:10 of 3rd period - Mike Hoffman is hit by Luke Kunin and loses puck.
18:24 of 3rd period - Shot by Luke Schenn.
18:24 of 3rd period - Stopped by Filip Gustavsson with a rebound.
19:00 of 3rd period - Rangers, Alex Nedeljkovic is pulled from the net.
19:13 of 3rd period - Icing by Jack Quinn.
19:14 of 3rd period - Alex Nedeljkovic from Rangers was sent back in the game.
19:14 of 3rd period - Sam Reinhart wins face-off versus Juuso Parssinen in Rangers zone.
19:25 of 3rd period - Rangers, Alex Nedeljkovic is pulled from the net.
19:27 of 3rd period - Shot by Juuso Parssinen.
19:27 of 3rd period - Deflect By Eric Robinson.
19:27 of 3rd period - Shot Blocked by Mikhail Sergachev.
19:54 of 3rd period - Icing by Mikhail Sergachev.
19:55 of 3rd period - Casey Mittelstadt wins face-off versus Sam Reinhart in Devils zone.
Goals for this period are 0 for Devils vs 0 for Rangers.
Shots for this period are 7 for Devils vs 10 for Rangers.